 Dungeon Crawl Stone Soup version 0.28.0 (webtiles) character file.

Game seed: 4103297136720383344

107 zazu2006 the Magician (level 4, -7/36 HPs)
             Began as a Naga Hedge Wizard on Feb 18, 2022.
             Mangled by an iguana (12 damage)
             ... on level 4 of the Dungeon.
             The game lasted 00:04:20 (4169 turns).

zazu2006 the Magician (Naga Hedge Wizard)           Turns: 4169, Time: 00:04:20

Health: -7/36      AC:  2    Str: 12 (13) XL:     4   Next: 86%
Magic:  5/10       EV:  9    Int: 15 (16) God:
Gold:   69         SH:  0    Dex:  9 (10) Spells: 10/11 levels left

rFire   . . .      SeeInvis +   p - +2 falchion (flame)
rCold   . . .      Faith    .   (no shield)
rNeg    . . .      Spirit   .   b - +0 robe
rPois   +          Reflect  .   c - +0 hat
rElec   .          Harm     .   (no cloak)
rCorr   .          Rampage  .   (no gloves)
Will    .....                   (no barding)
Stlth   ++........              (no amulet)
HPRegen 0.12/turn               e - ring of flight
MPRegen 0.12/turn               (no ring)

@: brilliant, short of breath, flying, very slow
A: AC +1, large, see invisible, deformed body, poison resistance, slowness 2,
spit poison 1, naga tail 1
a: Spit Poison


You were on level 4 of the Dungeon.
You visited 1 branch of the dungeon, and saw 4 of its levels.

You collected 69 gold pieces.

Inventory:

Hand Weapons
 p - a +2 falchion of flaming (weapon)
Armour
 b - a +0 robe (worn)
 c - a +0 hat (worn)
Magical Staves
 f - a staff of earth
Jewellery
 e - a ring of flight (left hand)
Scrolls
 d - 3 scrolls of teleportation {unknown}
 g - a scroll of fog {unknown}
 h - a scroll of enchant armour {unknown}
 j - a scroll of noise {unknown}
 k - a scroll of enchant weapon {unknown}
 l - a scroll of identify {unknown}
 m - a scroll of acquirement {unknown}
Potions
 o - a potion of lignification {unknown}


   Skills:
 + Level 0.3 Fighting
 + Level 1.9 Dodging
 + Level 3.7 Stealth
 + Level 4.2 Spellcasting
 + Level 2.2 Conjurations
 + Level 1.0 Summonings
 + Level 1.0 Translocations


You had 10 spell levels left.
You knew the following spells:

 Your Spells              Type           Power      Damage    Failure   Level
a - Magic Dart            Conj           56%        1d5       7%          1

Your spell library contained the following spells:

 Spells                   Type           Power      Damage    Failure   Level
 Slow                     Hex            16%        N/A       19%         1
 Blink                    Tloc           18%        N/A       19%         2
 Call Imp                 Summ           9%         N/A       19%         2
 Conjure Flame            Conj/Fire      9%         6-21      34%         3
 Mephitic Cloud           Conj/Pois/Air  8%         N/A       36%         3


Dungeon Overview and Level Annotations

Branches:
Dungeon (4/15)
 Temple: D:4-7

Altars:

Shops:
D:3 *


Innate Abilities, Weirdness & Mutations

Your serpentine skin is tough. (AC +1)
You have supernaturally acute eyesight. (SInv)
Armour fits poorly on your strangely shaped body.
Your system is resistant to poisons. (rPois)
You cover ground very slowly.
You can spit poison.
You have a snake-like lower body.


Message History

The iguana is moderately wounded.
Your magical contamination has completely faded away.
Casting: Magic Dart (safe; 7% risk of failure)
Confirm with . or Enter, or press ? or * to list all spells.
You don't know that spell.
You hit the iguana. You burn the iguana.
The iguana is heavily wounded.
The iguana bites you!
You closely miss the iguana.
The iguana is heavily wounded.
The iguana bites you.
* * * LOW HITPOINT WARNING * * *
Casting: Magic Dart (safe; 7% risk of failure)
Confirm with . or Enter, or press ? or * to list all spells.
You don't know that spell.
Unknown command.
It was a potion of brilliance.
You feel clever all of a sudden. The iguana completely misses you.
You hit the iguana. You burn the iguana.
The iguana is severely wounded.
The iguana bites you.
* * * LOW HITPOINT WARNING * * *
It was a potion of degeneration.
There was something very wrong with that liquid.
You feel weakened.
You feel dopey.
You feel clumsy.
You have got your breath back.
The iguana barely misses you.
Aiming: Spit Poison (1% risk of failure)
Press: ? - help, Shift-Dir - straight line, f/p - iguana
Aim: an iguana (severely wounded, 65% to hit)
The splash of poison hits the iguana but does no damage.
The iguana is severely wounded.
The iguana barely misses you.
Unknown command.
Unknown command.
You hit the iguana but do no damage.
The iguana is severely wounded.
The iguana bites you!
You die...

.g .##....# #.....
..#...# #..... ##....#
.......####>.....#....#
......................#
..........>...... #...#
...............###.###
#.......###...#.).#
#.........#...@l..#
##..............†###
##....<...........#
...[...†.......####
....#####...#### ..#
#....# . ##.### ###


You could see an iguana.

Vanquished Creatures
  A hound skeleton (D:4)
  4 adders
  A worm (D:2)
  2 dart slugs (D:2)
  3 orcs
  4 ball pythons
  2 endoplasms (D:2)
  4 giant cockroaches
  2 goblins
  6 hobgoblins
  5 jackals
  A quokka (D:1)
  4 bats
  2 frilled lizards
  5 rats
46 creatures vanquished.

Vanquished Creatures (others)
  6 demonic plants (D:1)
  A withered plant (D:1)
7 creatures vanquished.

Grand Total: 53 creatures vanquished

Notes
Turn   | Place    | Note
-------+----------+-------------------------------------------
     0 | D:1      | zazu2006 the Naga Hedge Wizard began the quest for the Orb.
     0 | D:1      | Reached XP level 1. HP: 15/15 MP: 4/4
   150 | D:1      | Found a faded altar of an unknown god.
   364 | D:1      | Reached XP level 2. HP: 22/22 MP: 1/6
  1816 | D:2      | Reached XP level 3. HP: 26/28 MP: 0/8
  3056 | D:3      | Reached skill level 4 in Spellcasting
  3092 | D:3      | Reached XP level 4. HP: 32/36 MP: 1/10
  3504 | D:3      | Found Ypuebo's Assorted Antiques.
  4169 | D:4      | Mangled by an iguana

Illustrated notes

Levels and vault maps discovered:
D:1:      lightli_arrival_statue_moat, layout_loops_corners,
          shapermc_ecumenical_altar_gd, chequers_decorated_corner,
          feat_on_display
D:2:      layout_basic
D:3:      layout_loops_ring, serial_shops, nicolae_diamond_shop
D:4:      layout_cave_pools, nicolae_shop_overcharged_wands

Skill      XL: |  1  2  3  4 |
---------------+-------------+-----
Spellcasting   | 4 |  4.2
Conjurations   | 2 |  2.2
Fighting       | |  0.3
Dodging        | |  1.9
Stealth        | |  3.7
Summonings     | |  1.0
Translocations | |  1.0

Action                   |  1- 3 |  4- 6 || total
-------------------------+-------+-------++-------
Melee: Dagger            |    15 |     3 ||    18
       Falchion          |       |     4 ||     4
 Cast: Magic Dart        |    89 |    47 ||   136
 Abil: Spit Poison       |    15 |     7 ||    22
  Use: Potion            |       |     2 ||     2
 Stab: Sleeping          |     2 |     1 ||     3
Armor: Robe              |     8 |     6 ||    14
Dodge: Dodged            |    22 |    20 ||    42
